 Dungeon Crawl Stone Soup version 0.25-a0-302-g9f758675c1 (webtiles) character file.

Game seed: 5994794775914224910, levelgen mode: deterministic

505 DerDa the Magician (level 7, -1/41 HPs)
             Began as an Octopode Fire Elementalist on Dec 20, 2019.
             Slain by a sky beast (6 damage)
             ... on level 5 of the Dungeon.
             The game lasted 00:16:29 (4338 turns).

DerDa the Magician (Octopode Fire Elementalist)     Turns: 4338, Time: 00:16:29

Health: -1/41      AC:  1    Str:  7    XL:     7   Next: 18%
Magic:  14/14      EV: 13    Int: 20    God:
Gold:   32         SH:  0    Dex: 12    Spells: 3/16 levels left

rFire    . . .     SeeInvis .   w - +1 dagger (venom)
rCold    . . .     Gourm    .   (no shield)
rNeg     . . .     Faith    .   (helmet restricted)
rPois    .         Spirit   .   (no amulet)
rElec    .         Reflect  .   (no ring)
rCorr    .         Harm     .   (no ring)
MR       .....                  (no ring)
Stlth    +++.......             (no ring)
HPRegen  0.13/turn              (no ring)
MPRegen  0.14/turn              (no ring)
                                (no ring)
                                (no ring)

@: no status effects
A: almost no armour, stealthy swim, amphibious, 8 rings, constrict 8, camouflage
1, gelatinous body 1
a: no special abilities


You were on level 5 of the Dungeon.
You were hungry.

You visited 2 branches of the dungeon, and saw 6 of its levels.

You collected 235 gold pieces.
You spent 203 gold pieces at shops.

Inventory:

Hand Weapons
 a - a +3 dagger
 n - a +0 whip
 w - a +1 dagger of venom (weapon)
 C - a +0 long sword
Missiles
 f - 30 poisoned darts (quivered)
 o - 123 stones
 q - 35 bolts
 s - 2 throwing nets
 x - 7 curare-tipped darts
Scrolls
 d - 2 scrolls of fear
 e - a scroll of random uselessness
 i - 3 scrolls of immolation
 r - 5 scrolls of remove curse
 t - 2 scrolls of enchant weapon {unknown}
 v - a scroll of magic mapping {unknown}
 y - a scroll of amnesia
 A - a scroll of fog {unknown}
 B - a scroll of identify
Potions
 c - a potion of haste {unknown}
 g - a potion of invisibility {unknown}
 h - 2 potions of degeneration {unknown}
 j - a potion of agility {unknown}
 k - a potion of curing {unknown}
 l - a potion of berserk rage {unknown}
 m - 2 potions of mutation
 u - 2 potions of lignification {unknown}
 z - a potion of heal wounds
 D - a potion of brilliance {unknown}
Comestibles
 b - 6 rations
 p - a chunk of flesh


   Skills:
 - Level 2.0 Dodging
 - Level 2.6 Stealth
 * Level 5.1 Spellcasting
 + Level 3.6 Conjurations
 + Level 4.7 Fire Magic


You had 3 spell levels left.
You knew the following spells:

 Your Spells              Type           Power        Failure   Level  Hunger
a - Foxfire               Conj/Fire      ###.         1%          1    None
b - Conjure Flame         Conj/Fire      ###.....     6%          3    ##.....
c - Sticky Flame          Conj/Fire      ###.....     21%         4    ####...
d - Fireball              Conj/Fire      ###.......   50%         5    #####..

Your spell library contained the following spells:

 Spells                   Type           Power        Failure   Level  Hunger
 Inner Flame              Hex/Fire       ##......     13%         3    ##.....


Dungeon Overview and Level Annotations

Branches:
Dungeon (5/15)             Temple (1/1) D:4

Altars:
Ashenzari
Cheibriados
Elyvilon
Fedhas
Gozag
Hepliaklqana
Makhleb
Nemelex Xobeh
Trog
Xom
Yredelemnul
Zin

Shops:
D:4 =*}?   D:5 !

Annotations:
D:5 Menkaure


Innate Abilities, Weirdness & Mutations

You cannot wear most types of armour.
You are very stealthy in the water. (Stealth+)
You are amphibious.
You can wear up to eight rings at the same time.
You can use your tentacles to constrict eight enemies at once.
Your skin changes colour to match your surroundings (Stealth+).
Your rubbery body absorbs attacks. (AC +1, EV +1)


Message History

Unknown command.
A sky beast appears from thin air!
Reactivating autopickup.
There is a stone staircase leading down here.
The sky beast flickers out of sight!
Deactivating autopickup; reactivate with Ctrl-A.
A sky beast appears from thin air!
Reactivating autopickup.
You are no longer glowing.
The sky beast flickers out of sight!
Deactivating autopickup; reactivate with Ctrl-A.
A sky beast appears from thin air!
Reactivating autopickup.
The sky beast flickers out of sight!
Deactivating autopickup; reactivate with Ctrl-A.
There is a stone staircase leading up here.
Something hits you.
* * * LOW HITPOINT WARNING * * *
Something shocks you.
You die...

...............P.P...##
####.####.####[._..#..# # #...#
#.# #.P.P.##.# #
##.######.####.≈g..##.###########
.............gg................l.
##.######.############.########.#
##.# #.g.g.{..# #..# #.# ...#
#####..#.# ##.## #.# ####
#....#@# #..# #.# # ######## ##.#
#.# # #.# #.# # #.## #.# #..#
##.## #..# ##.## #..#


There were no monsters in sight!

Vanquished Creatures
  A scorpion (D:4)
  A howler monkey (D:5)
  A crimson imp (D:5)
  An orc priest (D:3)
  A gnoll shaman (D:5)
  4 orc wizards
  Jessica (D:3)
  A worker ant (D:4)
  A worker ant zombie (D:5)
  A gnoll (D:5)
  A howler monkey skeleton (D:5)
  5 adders
  2 worms
  2 dart slugs
  A leopard gecko (D:4)
  8 orcs
  5 giant cockroaches
  3 goblins
  7 hobgoblins
  6 jackals
  3 quokkas
  6 bats
  4 frilled lizards
  7 kobolds
  A leopard gecko zombie (D:5)
  5 rats
79 creatures vanquished.

Vanquished Creatures (others)
  196 foxfires
196 creatures vanquished.

Grand Total: 275 creatures vanquished

Notes
Turn   | Place    | Note
-------+----------+-------------------------------------------
     0 | D:1      | DerDa the Octopode Fire Elementalist began the quest for
                  | the Orb.
     0 | D:1      | Reached XP level 1. HP: 11/11 MP: 3/3
   294 | D:1      | Reached XP level 2. HP: 17/17 MP: 1/5
  1187 | D:2      | Reached XP level 3. HP: 13/21 MP: 4/7
  1362 | D:2      | Reached skill level 3 in Spellcasting
  1435 | D:2      | Found an opulent altar of Gozag.
  1530 | D:2      | Reached XP level 4. HP: 22/27 MP: 1/8
  1832 | D:3      | Reached XP level 5. HP: 23/31 MP: 2/10
  2260 | D:3      | Noticed Jessica
  2269 | D:3      | Killed Jessica
  2636 | D:4      | Found Honwu's Jewellery Shop.
  2646 | D:4      | Found a staircase to the Ecumenical Temple.
  2659 | Temple   | Entered the Ecumenical Temple
  3022 | D:4      | Reached skill level 4 in Spellcasting
  3022 | D:4      | Reached XP level 6. HP: 27/36 MP: 5/12
  3026 | D:4      | Found Kuyh's General Store.
  3034 | D:4      | Bought a potion of mutation for 88 gold pieces
  3034 | D:4      | Bought a scroll of remove curse for 33 gold pieces
  3034 | D:4      | Bought a scroll of identify for 22 gold pieces
  3034 | D:4      | Bought a scroll of amnesia for 38 gold pieces
  3350 | D:4      | Learned a level 3 spell: Conjure Flame
  3355 | D:4      | Learned a level 4 spell: Sticky Flame
  3361 | D:4      | Learned a level 5 spell: Fireball
  3398 | D:4      | Found a shattered altar of Ashenzari.
  3494 | D:4      | Found Paguo's Gadget Emporium.
  3514 | D:4      | Found Zayxu's Magic Scroll Boutique.
  3520 | D:4      | Bought a scroll of identify for 22 gold pieces
  3562 | D:4      | Found a hazy altar of Hepliaklqana.
  3788 | D:5      | Entered Level 5 of the Dungeon
  3838 | D:5      | Noticed Menkaure
  3892 | D:5      | Found a basalt altar of Yredelemnul.
  3958 | D:5      | Reached XP level 7. HP: 11/41 MP: 8/14
  4230 | D:5      | Reached skill level 5 in Spellcasting
  4273 | D:5      | Found Fouzal's Distillery.
  4338 | D:5      | Slain by a sky beast

Levels and vault maps discovered:
D:1:      eino_arrival_water_cross, layout_loops_corners, serial_bayou_crossing
D:2:      layout_rooms, nicolae_gozag_seed_capital
D:3:      layout_loops_ring, uniq_jessica
D:4:      layout_loops_ring, ashenzari_altar_1, kennysheep_mini,
          minmay_temple_entry_drinking_statues, serial_shops, shop_fountains,
          nicolae_shop_trees, shop_fountains, nicolae_shop_statue_plus
D:5:      layout_basic, kennysheep_mini_moat, first_ration, serial_shops,
          nicolae_shop_temple_entry_statues_fountains,
          yredelemnul_altar_generic, uniq_menkaure
Temple:   compressed_dpeg_triangle_lava_temple

Skill      XL: |  1  2  3  4  5  6  7 |
---------------+----------------------+-----
Spellcasting   | 3 4 5 |  5.1
Conjurations   | 2 3 |  3.6
Fire Magic     | 4 |  4.7
Dodging        | |  2.0
Stealth        | |  2.6

Action                   |  1- 3 |  4- 6 |  7- 9 || total
-------------------------+-------+-------+-------++-------
Melee: Unarmed           |    16 |       |       ||    16
       Constrict         |     5 |    20 |     3 ||    28
       Tentacles         |     1 |    15 |     1 ||    17
       Whip              |       |    15 |       ||    15
       Dagger            |       |    54 |     9 ||    63
 Cast: Foxfire           |    49 |    71 |     8 ||   128
  Use: Potion            |       |     1 |       ||     1
       Scroll            |       |     3 |       ||     3
 Stab: Sleeping          |     1 |     3 |     1 ||     5
  Eat: Chunk             |     2 |     7 |     1 ||    10
Armor: Skin              |     2 |     4 |       ||     6
Dodge: Dodged            |    17 |    42 |     7 ||    66

Table legend:
 A = Non-vault XP
 B = Vault XP
 C = Vault XP percentage of total XP
 D = Non-vault monster count
 E = Vault monster count
 F = Vault count percentage of total count
                 A         B        C        D         E       F
            +---------+---------+-------+---------+---------+-------
      Total |     685 |      37 |   5.1 |      78 |       1 |   1.3
            +---------+---------+-------+---------+---------+-------
        D:1 |      28 |       0 |   0.0 |      16 |       0 |   0.0
        D:2 |      70 |       0 |   0.0 |      18 |       0 |   0.0
        D:3 |     123 |      37 |  23.1 |      19 |       1 |   5.0
        D:4 |     247 |       0 |   0.0 |      10 |       0 |   0.0
        D:5 |     217 |       0 |   0.0 |      15 |       0 |   0.0
            +---------+---------+-------+---------+---------+-------
